 Dungeon Crawl Stone Soup version 0.27.0-1-g7a089689b8 (webtiles) character file.

Game seed: 4032496165317110918

416898 freelancePsychic the Brawler (level 24, -4/253 HPs)
             Began as a Formicid Delver on July 31, 2021.
             Was the Champion of Okawaru.
             Slain by a reaper (37 damage)
             ... in the Vestibule of Hell.
             The game lasted 02:31:43 (54020 turns).

freelancePsychic the Brawler (Formicid Delver)     Turns: 54020, Time: 02:31:44

Health: -4/253     AC: 29    Str: 24    XL:     24   Next: 77%
Magic:  21/24      EV: 31    Int: 17    God:    Okawaru [******]
Gold:   3316       SH: 32    Dex: 23    Spells: 26/37 levels left

rFire    + + .     SeeInvis +     - Unarmed
rCold    + . .     Faith    .   Z - +8 tower shield
rNeg     + . .     Spirit   .   (armour currently unavailable)
rPois    ∞         Reflect  .   (helmet unavailable)
rElec    +         Harm     .   N - +2 cloak {rC+}
rCorr    +         Rampage  .   (gloves currently unavailable)
Will     ++...                  (boots currently unavailable)
Stlth    +++++.....             Y - amulet of regeneration
HPRegen  1.52/turn              B - ring of Seypuel {Fly rF+ MP-9 Int+4 Dex+5}
MPRegen  0.19/turn              r - ring "Gusegune" {Contam rF+ rCorr Str+4 Dex+2}

@: mighty, statue-form (expiring), heroic, flying, very slow
A: slow and powerful, torment resistance 1, boosted hp, permanent stasis, dig
shafts and tunnels, antennae 3, four strong arms, dopey 1
}: 2/15 runes: serpentine, barnacled
a: Dig, End Transformation, Renounce Religion, Heroism, Finesse


You were in the Vestibule of Hell.
You worshipped Okawaru.
Okawaru was exalted by your worship.
You were a living statue of rough stone.
You visited 9 branches of the dungeon, and saw 39 of its levels.
You visited 1 bazaar.
You also visited: Ice Cave and Desolation.

You collected 4666 gold pieces.
You spent 1350 gold pieces at shops.

Inventory:

Hand Weapons
 b - the +10 fustibalus of Insufficient Pleasure {vorpal, Int+6}
   (You acquired it on level 1 of the Vaults)

   Any ammunition fired from it inflicts extra damage upon your enemies.
   Int:       It affects your intelligence (+6).
Missiles
 d - 663 sling bullets
 g - 28 javelins (quivered)
 t - 29 silver javelins
 z - 130 poisoned darts
 E - 8 throwing nets
 T - 58 boomerangs
Armour
 C - a +0 pair of boots of stealth (melded)
 D - a +2 robe of resistance (melded)
 J - a +2 pair of gloves of strength (melded)
 N - a +2 cloak of cold resistance (worn)
 Z - a +8 tower shield (worn)
Jewellery
 m - the amulet of Vehumet's Supremacy {Spirit rElec rN+ Str+4}
   (You found it in the Desolation of Salt)

   [amulet of guardian spirit]

   It causes incoming damage to be divided between your reserves of health and
   magic.
   Str:       It affects your strength (+4).
   rElec:     It insulates you from electricity.
   rN:        It protects you from negative energy.
 r - the ring "Gusegune" (right fist) {Contam rF+ rCorr Str+4 Dex+2}
   (You found it on level 3 of the Shoals)

   [ring of resist corrosion]

   Str:       It affects your strength (+4).
   Dex:       It affects your dexterity (+2).
   rF:        It protects you from fire.
   Contam:    It causes magical contamination when unequipped.
   rCorr:     It protects you from acid and corrosion.
 u - a ring of ice
 v - the ring of Shadows {Umbra +Inv Stlth+}
   (You found it on level 4 of the Dungeon)

   [ring of stealth]

   It surrounds you with an aura of shadow, increasing your stealth and reducing
   the accuracy of all within it (including the wearer).
   +Inv:      It lets you turn invisible.
   Stlth:     It makes you more stealthy.
 B - the ring of Seypuel (left fist) {Fly rF+ MP-9 Int+4 Dex+5}
   (You found it in the Desolation of Salt)

   [ring of flight]

   Int:       It affects your intelligence (+4).
   Dex:       It affects your dexterity (+5).
   rF:        It protects you from fire.
   MP:        It affects your magic capacity (-9).
   Fly:       It grants you flight.
 H - the ring "Posaav" {rF+ Str+3}
   (You found it on level 9 of the Dungeon)

   [ring of protection from fire]

   Str:       It affects your strength (+3).
   rF:        It protects you from fire.
 L - a +6 ring of intelligence
 Y - an amulet of regeneration (around neck)
Wands
 f - a wand of digging (9)
 h - a wand of acid (22)
 l - a wand of charming (10)
 x - a wand of polymorph (33)
 G - a wand of iceblast (67)
 I - a wand of flame (144)
 M - a wand of paralysis (52)
Scrolls
 c - 5 scrolls of fog
 n - 14 scrolls of amnesia
 q - 8 scrolls of magic mapping
 s - a scroll of holy word
 F - 2 scrolls of silence
 K - 5 scrolls of fear
 Q - 3 scrolls of immolation
 U - 11 scrolls of identify {@r1}
 V - a scroll of summoning
 W - 2 scrolls of brand weapon
 X - 3 scrolls of enchant weapon
Potions
 a - 3 potions of brilliance
 e - 6 potions of ambrosia
 i - 5 potions of might
 k - 6 potions of magic
 o - 13 potions of curing {@q1}
 p - 7 potions of lignification
 w - 7 potions of heal wounds {@q2}
 A - 2 potions of cancellation
 O - 2 potions of invisibility
 R - a potion of resistance
 S - 3 potions of mutation
Miscellaneous
 j - a phial of floods
 y - a phantom mirror
 P - a condenser vane


   Skills:
 + Level 17.3(22.3) Fighting
 - Level 2.0(7.0) Maces & Flails
 - Level 5.0(12.0) Slings
 - Level 7.0(12.6) Throwing
 - Level 17.3(22.3) Dodging
 - Level 6.0(11.0) Stealth
 - Level 15.0(20.0) Shields
 + Level 20.6(25.6) Unarmed Combat
 - Level 7.0 Spellcasting
 - Level 7.7 Conjurations
 - Level 12.0 Transmutations
 - Level 14.0 Earth Magic
 - Level 5.7 Invocations
 - Level 7.4 Evocations


You had 26 spell levels left.
You knew the following spells:

 Your Spells              Type           Power      Damage    Failure   Level
a - Statue Form           Tmut/Erth      33%        N/A       9%          6
b - Irradiate             Conj/Tmut      19%        3d20      5%          5

Your spell library contained the following spells:

 Spells                   Type           Power      Damage    Failure   Level
 Wereblood                Tmut           46%        N/A       1%          2
 Petrify                  Tmut/Erth      50%        N/A       1%          4
 Foxfire                  Conj/Fire      76%        2x1d7     2%          1
 Blade Hands              Tmut           23%        N/A       2%          5
 Static Discharge         Conj/Air       19%        N/A       3%          2
 Animate Armour           Summ/Erth      58%        N/A       6%          4
 Leda's Liquefaction      Hex/Erth       14%        N/A       6%          4
 Ignite Poison            Fire/Tmut/Pois 19%        N/A       7%          3
 Freeze                   Ice            20%        1d4       12%         1
 Summon Small Mammal      Summ           20%        N/A       12%         1
 Mephitic Cloud           Conj/Pois/Air  14%        N/A       12%         3
 Iskenderun's Battlesphe  Conj           32%        2d8       14%         5
 Corpse Rot               Necr/Air       N/A        N/A       17%         2
 Sublimation of Blood     Necr           2%         N/A       17%         2
 Bolt of Magma            Conj/Fire/Erth 15%        4d9       17%         5
 Borgnjor's Vile Clutch   Necr/Erth      14%        N/A       19%         5
 Iron Shot                Conj/Erth      21%        9d5       21%         6
 Sticky Flame             Conj/Fire      19%        2d4       24%         4
 Gell's Gravitas          Tloc           2%         N/A       34%         3
 Ozocubu's Armour         Ice            5%         N/A       34%         3
 Teleport Other           Tloc           5%         N/A       34%         3
 Fireball                 Conj/Fire      9%         3d6       54%         5
 Lightning Bolt           Conj/Air       9%         1d22      54%         5
 Dragon Form              Tmut           23%        N/A       56%         7
 Airstrike                Air            2%         N/A       75%         4
 Dispel Undead            Necr           5%         3d7       75%         4
 Summon Lightning Spire   Summ/Air       5%         N/A       75%         4
 Metabolic Englaciation   Hex/Ice        2%         N/A       97%         5
 Starburst                Conj/Fire      9%         8x6d5     98%         6
 Dispersal                Tloc           2%         N/A       100%        6
 Shadow Creatures         Summ           N/A        N/A       100%        6
 Simulacrum               Ice/Necr       2%         N/A       100%        6
 Malign Gateway           Summ/Tloc      2%         N/A       100%        7
 Ozocubu's Refrigeration  Ice            2%         4d5       100%        7
 Summon Hydra             Summ           2%         N/A       100%        7
 Borgnjor's Revivificati  Necr           2%         N/A       100%        8
 Maxwell's Capacitive Co  Air            2%         ∞         100%        8
 Necromutation            Tmut/Necr      13%        N/A       100%        8
 Polar Vortex             Ice            2%         N/A       100%        9


Dungeon Overview and Level Annotations

Branches:
Dungeon (15/15)            Temple (1/1) D:7            Lair (6/6) D:10
 Shoals (4/4) Lair:2        Snake (4/4) Lair:4        Slime (0/5) Lair:5
    Orc (2/2) D:11            Elf (0/3) Orc:2        Vaults (4/5) D:14
  Crypt (0/3) Vaults:2     Depths (2/5) D:15           Hell (1/1)
  IceCv (visited)         Desolation (visited)
    Dis: Hell:1         Geh: Hell:1         Coc: Hell:1         Tar: Hell:1

Altars:
Ashenzari
Cheibriados
Dithmenos
Elyvilon
Fedhas
Gozag
Hepliaklqana
Kikubaaqudgha
Makhleb
Nemelex Xobeh
Okawaru
Qazlal
Ru
Sif Muna
Trog
Uskayaw
Vehumet
Wu Jian
Xom
Yredelemnul
Zin
The Shining One
Beogh
Jiyva
Lugonu

Shops:
D:13 *   Orc:2 ?!:[   Shoals:3 *   Snake:2 ![*

Portals:
Hell: Depths:1 Depths:2
Abyss: Lair:6 Depths:1

Annotations:
D:4 Grinder
D:5 exclusion: acid dragon
D:10 exclusion: oklob plant
Shoals:2 Roxanne
Hell Geryon


Innate Abilities, Weirdness & Mutations

You are a living statue of rough stone.
Your actions are slow, but your melee attacks are powerful.
You are resistant to unholy torment.
Your maximum health is greatly increased.
You are immune to poison.
Your equipment is partially melded.
You cannot be hasted, slowed, berserked, paralysed or teleported.
You can dig through walls and to a lower floor.
You have a pair of large antennae on your head. (SInv)
Your four strong arms can wield two-handed weapons with a shield.
You are dopey. (Int -2)


Message History

The blizzard demon hits you but does no damage.
The cacodemon hits you!
* * * LOW HITPOINT WARNING * * *
The cacodemon hits you but does no damage.
The reaper hits you from afar with a +1 scythe of venom!!
* * * LOW HITPOINT WARNING * * *
The red devil closely misses you.
The red devil hits you from afar with a +2 demon trident of freezing.
* * * LOW HITPOINT WARNING * * *
The orange demon misses you. You block the hell beast's attack.
The hell beast misses you. The reaper hits you but does no damage.
The ice dragon closely misses you. The ice dragon misses you.
You block the ice dragon's attack. You block the reaper's attack.
The cacodemon gestures at you. You resist with almost no effort.
The blizzard demon hits you!
* * * LOW HITPOINT WARNING * * *
The blizzard demon completely misses you.
The reaper hits you but does no damage.
You feel much better. You block the hell beast's attack. x2
You block the red devil's attack. The red devil completely misses you.
The sixfirhy closely misses you.
Geryon roars, "Admit defeat, thou horrid pigeon-egg coxcomb!"
The orange demon barely misses you. The hell beast completely misses you.
The hell beast closely misses you. The reaper misses you.
The reaper barely misses you. You block the ice dragon's attack.
The ice dragon closely misses you. You block the ice dragon's attack.
The blizzard demon completely misses you.
You block the blizzard demon's attack. The cacodemon completely misses you. x2
The reaper misses you.
The red devil hits you from afar with a +0 trident!
* * * LOW HITPOINT WARNING * * *
The red devil misses you. The sixfirhy closely misses you.
The orange demon misses you.
You feel much better. You block the sixfirhy's attack. x2
The sixfirhy barely misses you. You block the hell beast's attack.
The hell beast completely misses you. You block the sixfirhy's attack.
The reaper hits you from afar with a +0 scythe of venom!!
* * * LOW HITPOINT WARNING * * *
The reaper hits you from afar with a +4 scythe of flaming!!!
You die...

.(..............
.(..............
................
................
....D...........
.......2h&......
... #.24442.#
.....#32222#
.....WD8#{#.....
......2###22 ...
....22# #&# .
...... ... .....
... ..... ...
.... ... ....


You could see Geryon, an iron dragon, 2 cacodemons, an ice dragon, 4 hell
beasts, 3 reapers, a blizzard demon, an orange demon, a freezing wraith, a
sixfirhy, 2 red devils and a hell hound.

Vanquished Creatures
  An ancient lich (Vaults:1)
  Mara (Depths:1)
  Boris (Vaults:4)
  Bai Suzhen (Depths:1)
  Saint Roka (Snake:2)
  A profane servitor (Depths:2)
  the Enchantress (Depths:1)
  4 liches
  A tentacled monstrosity (Vaults:2)
  Murray (Hell)
  The ghost of frimble the Peltast, an adept TrWr of Cheibriados (Vaults:1)
  6 sphinxes
  A titan (Depths:2)
  A kraken (Shoals:1)
  2 tengu reavers
  Donald (Snake:1)
  Kirke (D:15)
  3 nagarajas (Snake:4)
  The ghost of shadowrider38 the Executioner, a journeyman MiBe of Trog (Orc:1)
  A frost giant (IceCv)
  4 imperial myrmidons (Desolation)
  Ilsuiw (Shoals:2)
  5 vault wardens
  A deep elf sorcerer (Vaults:2)
  A balrug (Depths:2)
  Louise (D:15)
  A reaper (Depths:2)
  3 spriggan defenders (Depths:1)
  3 war gargoyles
  19 ironbound preservers
  12 very ugly things
  7 stone giants
  A vampire knight (Depths:2)
  A minotaur (Orc:1)
  2 entropy weavers
  A deep elf demonologist (Vaults:2)
  2 halazid warlocks (Desolation)
  6 dire elephants
  4 merfolk javelineers
  4 fire dragons
  9 merfolk impalers
  2 crystal guardians
  2 jiangshi (Depths:1)
  5 ettins
  A green death (Depths:2)
  2 pearl dragon zombies (Depths:2)
  6 yaktaur captains
  4 great orbs of eyes
  3 salamander tyrants (Snake:4)
  4 ragged hierophants (Desolation)
  4 servants of whispers (Desolation)
  12 hydras
  18 naga warriors
  3 rakshasas
  3 ice dragons
  Harold (D:9)
  4 boulder beetles
  7 vault guards (Vaults:1)
  4 spriggan air magi (Depths:1)
  12 peacekeepers
  Erolcha (Orc:2)
  6 ironbound frosthearts
  An alligator snapping turtle (Shoals:4)
  8 ironbound thunderhulks
  5 merfolk aquamancers
  An ogre mage (Orc:2)
  A catoblepas (Lair:5)
  7 anacondas
  5 merfolk avatars
  3 death knights
  12 centaur warriors
  2 two-headed ogres
  5 satyrs
  20 death yaks
  10 tengu warriors
  3 deep troll shamans (Depths:2)
  4 hell hogs
  3 deep troll earth magi (Depths:2)
  2 alligators (Snake:2)
  5 ironbound beastmasters
  4 thrashing horrors (Lair:6)
  6 spriggan berserkers
  2 vampire magi
  7 naga sharpshooters
  Sonja (Orc:1)
  8 shock serpents
  A soul eater (Hell)
  2 deep elf knights
  4 sun demons
  4 skeletal warriors (D:15)
  A sixfirhy (Hell)
  3 iron trolls (Depths:2)
  56 deep trolls
  4 salamander mystics
  18 sea snakes
  4 naga ritualists
  21 harpies
  2 deep elf archers
  3 glowing orange brains (Depths:2)
  14 wizards
  A swamp dragon (Snake:2)
  5 lindwurms
  An orb spider (shapeshifter) (D:14)
  3 necromancers
  6 orc knights
  An obsidian statue (D:12)
  A phantasmal warrior (D:14)
  19 ironbound convokers
  32 ugly things
  8 mana vipers
  23 fauns
  10 orc sorcerers
  7 cyclopes
  A large abomination (Lair:6)
  A salamander (shapeshifter) (D:13)
  8 elephants
  A tengu skeleton (Vaults:4)
  18 manticores
  8 rust devils
  4 salamanders
  4 apis skeletons (Depths:2)
  Maurice (D:9)
  9 water nymphs
  A torpor snail (Lair:4)
  A stone giant skeleton (Depths:1)
  An ice statue (IceCv)
  18 vault sentinels
  8 naga magi
  4 guardian serpents
  3 smoke demons
  9 merfolk sirens
  A gargoyle (D:14)
  22 black mambas
  3 molten gargoyles (Desolation)
  6 rime drakes
  An unseen horror (shapeshifter) (D:15)
  15 cane toads
  A yaktaur zombie (Vaults:4)
  6 komodo dragons
  A freezing wraith (Vaults:4)
  28 yaktaurs
  Psyche (D:9)
  A tengu conjurer (Depths:2)
  2 ancient zymes (Lair:6)
  A jumping spider (Vaults:1)
  31 merfolk
  12 polar bears
  7 trolls
  A meliai (shapeshifter) (D:14)
  7 wind drakes
  3 hornets
  A deep troll zombie (Depths:1)
  33 blink frogs
  A meliai zombie (D:10)
  16 slime creatures
  53 saltlings (Desolation)
  17 dream sheep
  2 human simulacra (Vaults:4)
  9 snapping turtles
  A fire giant simulacrum (Vaults:4)
  A fire dragon skeleton (Depths:1)
  A spriggan skeleton (Depths:1)
  A vampire (D:9)
  3 ynoxinuls (Lair:6)
  2 spriggans (Depths:1)
  15 water elementals
  6 redbacks
  5 wraiths
  4 wyverns
  70 yaks
  A basilisk (shapeshifter) (D:15)
  3 hogs (D:15)
  8 basilisks
  A chaos spawn (Lair:6)
  A steam dragon (D:6)
  11 vampire mosquitoes (Snake:2)
  47 nagas
  3 swamp worms (Snake:2)
  An acid dragon (D:9)
  An acid dragon (shapeshifter) (Vaults:2)
  A warg (Snake:1)
  4 hell hounds
  8 water moccasins
  A meliai simulacrum (D:12)
  37 orc warriors
  A black bear (shapeshifter) (D:12)
  A hornet zombie (D:5)
  A black bear (D:5)
  2 sky beasts
  10 ogres
  8 centaurs
  21 wolves
  2 kobold brigands
  6 bullfrogs
  2 gnoll sergeants
  2 wyvern zombies
  A wyvern skeleton (D:7)
  A water moccasin zombie (D:5)
  11 killer bees
  2 vampire bats (Lair:6)
  8 wights
  10 electric eels
  A howler monkey (D:8)
  2 centaur zombies
  4 hounds
  A lava snake (D:7)
  A bullfrog zombie (D:5)
  20 orc priests
  2 bullfrog skeletons (D:6)
  42 orc wizards
  A scorpion zombie (D:5)
  A statue (D:4)
  9 small abominations (Lair:6)
  11 gnolls
  8 adders
  A howler monkey skeleton (D:7)
  2 shadow imps
  2 white imps
  A worm (D:4)
  2 dart slugs (D:3)
  109 orcs
  5 ball pythons
  6 endoplasms
  5 giant cockroaches
  8 goblins
  9 hobgoblins
  9 jackals
  16 kobolds
  7 quokkas
  10 bats
  4 frilled lizards (D:1)
  4 rats
  2 pillars of salt (Vaults:1)
  3 tentacles (Shoals:1)
1618 creatures vanquished.

Vanquished Creatures (collateral kills)
  6 killer bees (D:8)
  A wight (D:8)
7 creatures vanquished.

Vanquished Creatures (others)
  2 hell hogs (Depths:2)
  A wizard (Depths:2)
  A guardian serpent (Desolation)
  A saltling (Desolation)
  A snapping turtle (Shoals:4)
  An orc wizard (Orc:2)
  42 fungi
  A pillar of salt (Vaults:1)
  127 plants
  5 tentacles (Shoals:1)
182 creatures vanquished.

Grand Total: 1807 creatures vanquished

Notes
Turn   | Place    | Note
-------+----------+-------------------------------------------
     0 | D:5      | freelancePsychic the Formicid Delver began the quest for
                  | the Orb.
     0 | D:5      | Reached XP level 1. HP: 18/18 MP: 1/1
     1 | D:5      | Noticed a hound
   267 | D:4      | Noticed an orc wizard
   572 | D:4      | Reached skill level 1 in Earth Magic
   580 | D:4      | Reached XP level 2. HP: 9/24 MP: 2/2
  1400 | D:3      | Reached XP level 3. HP: 30/30 MP: 3/3
  2108 | D:3      | Noticed a black bear
  2599 | D:2      | Reached XP level 4. HP: 21/38 MP: 4/4
  3274 | D:2      | Reached skill level 1 in Transmutations
  3385 | D:1      | Reached XP level 5. HP: 40/43 MP: 5/5
  3471 | D:1      | Identified a scroll of acquirement
  3471 | D:1      | Acquired a +2 hunting sling of flaming
  3613 | D:1      | Reached skill level 1 in Slings
  3684 | D:1      | Found a faded altar of an unknown god.
  4376 | D:2      | Reached skill level 1 in Shields
  4936 | D:4      | Found a radiant altar of Vehumet.
  4936 | D:4      | Noticed a charred statue
  4939 | D:4      | Killed a charred statue
  4940 | D:4      | Reached XP level 6. HP: 45/50 MP: 6/6
  5417 | D:4      | Noticed Grinder
  5702 | D:4      | Noticed a sky beast
  5718 | D:4      | Killed a sky beast
  5818 | D:4      | Found the ring of Shadows {Umbra +Inv Stlth+}
  6405 | D:5      | Reached XP level 7. HP: 52/55 MP: 7/7
  6469 | D:5      | Noticed an acid dragon
  6497 | D:5      | Reached skill level 5 in Slings
  6497 | D:5      | Reached skill level 5 in Fighting
  7239 | D:5      | Reached XP level 8. HP: 63/63 MP: 8/8
  8174 | D:6      | Found a hide-covered altar of Uskayaw.
  8176 | D:6      | Found a sacrificial altar of Ru.
  8180 | D:6      | Found a shadowy altar of Dithmenos.
  8195 | D:5      | Reached skill level 5 in Earth Magic
  8256 | D:5      | Learned a level 6 spell: Statue Form
  8452 | D:6      | Became a worshipper of Ru the Awakened
  9152 | D:6      | Reached skill level 5 in Transmutations
  9152 | D:6      | Reached XP level 9. HP: 54/72 MP: 9/9
 11149 | D:7      | Got the Tome of the Maze
 11236 | D:7      | Found a staircase to the Ecumenical Temple.
 11247 | Temple   | Entered the Ecumenical Temple
 11332 | Temple   | Fell from the grace of Ru
 11332 | Temple   | Became a worshipper of Warmaster Okawaru
 11844 | D:8      | Reached * piety under Okawaru
 11855 | D:8      | Noticed a hornet
 11992 | D:8      | Reached XP level 10. HP: 71/79 MP: 7/10
 12100 | D:8      | Reached skill level 1 in Spellcasting
 12836 | D:8      | Reached ** piety under Okawaru
 13191 | D:8      | Found a hazy altar of Hepliaklqana.
 14367 | D:9      | Noticed Maurice
 14383 | D:9      | Killed Maurice
 14457 | D:9      | Reached *** piety under Okawaru
 14486 | D:9      | Reached XP level 11. HP: 31/89 MP: 7/17
 14933 | D:8      | Reached skill level 1 in Invocations
 15175 | D:9      | Reached skill level 10 in Earth Magic
 15288 | D:9      | Noticed Harold
 15321 | D:9      | Killed Harold
 15651 | D:9      | Noticed Psyche
 15660 | D:9      | Killed Psyche
 15748 | D:9      | Identified the ring "Posaav" {rF+ Str+3}
 16560 | D:10     | Entered Level 10 of the Dungeon
 16637 | D:10     | Found a staircase to the Lair.
 16676 | D:10     | Found a blossoming altar of Fedhas.
 16698 | D:10     | Noticed an oklob plant
 16966 | D:10     | You fall into a shaft and drop 2 floors!
 17000 | D:12     | Reached **** piety under Okawaru
 17020 | D:12     | Reached skill level 10 in Transmutations
 17209 | D:12     | Noticed a cyclops
 17252 | D:12     | Noticed a manticore
 17269 | D:12     | Killed a manticore
 17269 | D:12     | Reached ***** piety under Okawaru
 17610 | D:12     | Received a gift from Okawaru
 17619 | D:12     | Noticed a cyclops
 17639 | D:12     | Killed a cyclops
 17640 | D:12     | Reached XP level 12. HP: 53/95 MP: 8/18
 17881 | D:12     | Noticed a two-headed ogre
 17899 | D:12     | Killed a two-headed ogre
 18162 | D:11     | Reached skill level 1 in Unarmed Combat
 18574 | D:10     | Reached skill level 2 in Unarmed Combat
 19030 | D:10     | Reached skill level 3 in Unarmed Combat
 19441 | Lair:1   | Entered Level 1 of the Lair of Beasts
 19521 | Lair:1   | Found a frozen archway.
 19527 | IceCv    | Entered an ice cave
 19535 | IceCv    | Reached skill level 5 in Spellcasting
 19671 | IceCv    | Received a gift from Okawaru
 19754 | IceCv    | Noticed a death yak
 19754 | IceCv    | Noticed a death yak
 19754 | IceCv    | Noticed a death yak
 19768 | IceCv    | Killed a death yak
 19769 | IceCv    | Reached skill level 4 in Unarmed Combat
 19771 | IceCv    | Killed a death yak
 19781 | IceCv    | Killed a death yak
 19782 | IceCv    | Reached skill level 5 in Unarmed Combat
 20280 | IceCv    | Reached skill level 6 in Unarmed Combat
 20283 | IceCv    | Reached XP level 13. HP: 101/101 MP: 15/22
 20532 | IceCv    | Reached skill level 7 in Unarmed Combat
 20980 | IceCv    | Noticed a frost giant
 21009 | IceCv    | Killed a frost giant
 21010 | IceCv    | Reached skill level 8 in Unarmed Combat
 21020 | IceCv    | Reached skill level 9 in Unarmed Combat
 21597 | Lair:1   | Received a gift from Okawaru
 21639 | Lair:1   | Learned a level 5 spell: Irradiate
 21806 | Lair:1   | Noticed a four-headed hydra
 21820 | Lair:1   | Killed a four-headed hydra
 21820 | Lair:1   | Received a gift from Okawaru
 21893 | Lair:1   | Noticed a seven-headed hydra
 21905 | Lair:1   | Killed a seven-headed hydra
 21906 | Lair:1   | Reached skill level 10 in Unarmed Combat
 22030 | Lair:1   | Received a gift from Okawaru
 22546 | Lair:2   | Noticed an eight-headed hydra
 22561 | Lair:2   | Killed an eight-headed hydra
 22562 | Lair:2   | Reached skill level 11 in Unarmed Combat
 22573 | Lair:2   | Reached XP level 14. HP: 108/108 MP: 17/23
 22674 | Lair:2   | Found a staircase to the Shoals.
 22908 | Lair:2   | Reached skill level 10 in Fighting
 23447 | Lair:2   | Reached ****** piety under Okawaru
 23453 | Lair:2   | Reached skill level 5 in Dodging
 23935 | Lair:3   | Received a gift from Okawaru
 24304 | Lair:3   | Identified the +5 ring mail "Cuadaosch" {rN+}
 24782 | Lair:4   | Received a gift from Okawaru
 24785 | Lair:4   | Reached skill level 1 in Evocations
 25479 | Lair:4   | Found a staircase to the Snake Pit.
 25686 | Lair:4   | Received a gift from Okawaru
 26047 | Lair:5   | Reached XP level 15. HP: 120/120 MP: 17/24
 26146 | Lair:5   | Received a gift from Okawaru
 26760 | Lair:5   | Found a viscous altar of Jiyva.
 26760 | Lair:5   | Found a staircase to the Slime Pits.
 27156 | Lair:6   | Entered Level 6 of the Lair of Beasts
 27508 | Lair:6   | Received a gift from Okawaru
 27516 | Lair:6   | Identified the +4 rapier "Pisuz" {vorpal, rElec Str+3}
 28254 | Lair:6   | Identified the +1 chain mail of the Blacksmith {Str+3}
 28304 | Lair:6   | Reached skill level 1 in Throwing
 28386 | Lair:6   | Gained mutation: You are dopey. (Int -2) [mutagenic glow]
 28989 | Lair:6   | Found a corrupted altar of Lugonu.
 28989 | Lair:6   | Found a one-way gate to the infinite horrors of the Abyss.
 29389 | D:11     | Reached XP level 16. HP: 131/131 MP: 19/25
 29528 | D:11     | Found a staircase to the Orcish Mines.
 29770 | Orc:1    | Entered Level 1 of the Orcish Mines
 29905 | Orc:1    | Found a runed translucent gate.
 29905 | Orc:1    | Found a runed translucent gate.
 29905 | Orc:1    | Found a runed translucent gate.
 29924 | Orc:1    | Noticed shadowrider38's ghost (journeyman MiBe)
 29926 | Orc:1    | Found an iron altar of Okawaru.
 29946 | Orc:1    | Received a gift from Okawaru
 29966 | Orc:1    | Reached skill level 5 in Throwing
 29982 | Orc:1    | Killed shadowrider38's ghost
 30191 | Orc:1    | Noticed Sonja
 30199 | Orc:1    | Killed Sonja
 30569 | Orc:1    | Identified the +2 robe "Forget-Me-Not" {Str+7 Dex+4}
 30592 | Orc:2    | Entered Level 2 of the Orcish Mines
 31056 | Orc:2    | Reached skill level 5 in Shields
 31374 | Orc:2    | Found a staircase to the Elven Halls.
 31440 | Orc:2    | Received a gift from Okawaru
 31469 | Orc:2    | Found Soem's Book Shop.
 31509 | Orc:2    | Found an ancient bone altar of Kikubaaqudgha.
 31541 | Orc:2    | Found Xuony's Distillery.
 31566 | Orc:2    | Found a radiant altar of Vehumet.
 31566 | Orc:2    | Noticed Erolcha
 31575 | Orc:2    | Killed Erolcha
 31590 | Orc:2    | Found Daobbonn's Antique Armour Boutique.
 31590 | Orc:2    | Found Teafis's Magic Scroll Shop.
 31951 | Orc:2    | Bought a potion of heal wounds for 60 gold pieces
 31951 | Orc:2    | Bought 2 potions of heal wounds for 120 gold pieces
 31951 | Orc:2    | Bought a potion of magic for 96 gold pieces
 31951 | Orc:2    | Bought a potion of invisibility for 96 gold pieces
 31951 | Orc:2    | Bought a potion of magic for 96 gold pieces
 32321 | D:12     | Found a glowing golden altar of the Shining One.
 32426 | D:12     | Found a gateway to a bazaar.
 32436 | Bazaar   | Entered a bazaar
 32444 | Bazaar   | Found Yhiteg's Weapon Boutique.
 32448 | Bazaar   | Found Wohoeh's Magic Scroll Boutique.
 32448 | Bazaar   | Found Allojol's Weapon Boutique.
 32449 | Bazaar   | Found Kumo Tump's Antique Weapon Boutique.
 32459 | Bazaar   | Bought a scroll of enchant armour for 82 gold pieces
 32459 | Bazaar   | Bought a scroll of holy word for 82 gold pieces
 33017 | D:13     | Reached skill level 12 in Unarmed Combat
 33080 | D:13     | Found Lekin's CLEARANCE SALE! EVERYTHING MUST GO!.
 33096 | D:13     | Bought a scroll of enchant armour for 45 gold pieces
 33096 | D:13     | Bought a wand of paralysis (9) for 66 gold pieces
 33096 | D:13     | Bought a wand of acid (10) for 168 gold pieces
 34519 | D:14     | Received a gift from Okawaru
 34565 | D:14     | Found a gate to the Vaults.
 34797 | D:14     | Received a gift from Okawaru
 34864 | D:15     | Entered Level 15 of the Dungeon
 35112 | D:15     | Noticed Louise
 35130 | D:15     | Killed Louise
 35134 | D:15     | Received a gift from Okawaru
 35135 | D:15     | Noticed Kirke
 35136 | D:15     | Noticed Nessos
 35147 | D:15     | Killed Kirke
 35148 | D:15     | Reached XP level 17. HP: 138/138 MP: 18/26
 35150 | D:15     | Noticed Nessos
 35150 | D:15     | Nessos changed into Nessos the sea snake
 35157 | D:15     | Killed Nessos the sea snake
 35334 | D:15     | Found a hide-covered altar of Uskayaw.
 35515 | D:15     | Found a staircase to the Depths.
 35811 | Snake:1  | Entered Level 1 of the Snake Pit
 35836 | Snake:1  | Reached skill level 10 in Shields
 35891 | Snake:1  | Received a gift from Okawaru
 37320 | Snake:2  | Noticed Saint Roka
 37381 | Snake:2  | Noticed Donald
 37405 | Snake:1  | Killed Donald
 37471 | Snake:2  | Killed Saint Roka
 37471 | Snake:2  | Identified the +5 cloak "Giq Asuigezo" {rCorr MP-9 Int+4}
                  | (Okawaru gifted it to you on level 2 of the Snake Pit)
 37471 | Snake:2  | Received a gift from Okawaru
 37769 | Snake:2  | Found Fodug's Armour Emporium.
 37769 | Snake:2  | Found Kowk's Distillery.
 37781 | Snake:2  | Bought a potion of might for 84 gold pieces
 37781 | Snake:2  | Bought a potion of heal wounds for 105 gold pieces
 37781 | Snake:2  | Bought a potion of heal wounds for 105 gold pieces
 37786 | Snake:2  | Found Xetur's Assorted Antiques.
 37794 | Snake:2  | Bought a potion of heal wounds for 145 gold pieces
 37857 | Snake:2  | Identified the +11 shortbow of Grandeur {venom, rCorr
                  | Int+4}
 38092 | Snake:3  | Reached XP level 18. HP: 145/145 MP: 22/27
 38237 | Snake:3  | Reached skill level 15 in Shields
 38604 | Snake:4  | Entered Level 4 of the Snake Pit
 38663 | Snake:4  | Reached skill level 13 in Unarmed Combat
 38768 | Snake:4  | Reached skill level 10 in Dodging
 39124 | Snake:4  | Identified the +1 scale mail "Ihyrutui" {Int+3} (Okawaru
                  | gifted it to you on level 4 of the Snake Pit)
 39124 | Snake:4  | Received a gift from Okawaru
 39393 | Snake:4  | Reached skill level 14 in Unarmed Combat
 39423 | Snake:4  | Acquired a book of Transfigurations
 39737 | Snake:4  | Got a serpentine rune of Zot
 40358 | Vaults:1 | Entered Level 1 of the Vaults
 40427 | Vaults:1 | Reached XP level 19. HP: 153/153 MP: 23/28
 40432 | Vaults:1 | Found a crumbling gateway.
 40530 | Desolati | Entered the Desolation of Salt
 40569 | Desolati | Received a gift from Okawaru
 40689 | Desolati | Reached skill level 15 in Fighting
 40908 | Desolati | Reached skill level 15 in Unarmed Combat
 40913 | Desolati | Received a gift from Okawaru
 41009 | Desolati | Identified the ring of Seypuel {Fly rF+ MP-9 Int+4 Dex+5}
 41012 | Desolati | Got Ikhloewnu's Reference Book on Sinister Arcane Weapons
 41017 | Desolati | Got Vahet's Incunabulum of the Arsonist
 41121 | Desolati | Identified the amulet of Vehumet's Supremacy {Spirit rElec
                  | rN+ Str+4}
 41123 | Desolati | Got the Papyrus of Cold
 41132 | Desolati | Identified the +10 hand crossbow of Checks and Balances
                  | {speed, Fly rC+ Will+ rCorr}
 41277 | Desolati | Received a gift from Okawaru
 41489 | Vaults:1 | Received a gift from Okawaru
 41624 | Vaults:1 | Reached skill level 16 in Unarmed Combat
 41625 | Vaults:1 | HP: 10/202 [harpy (13)]
 41626 | Vaults:1 | Reached XP level 20. HP: 10/163 MP: 11/29
 41959 | Vaults:1 | Found a runed translucent gate.
 41959 | Vaults:1 | Found a runed translucent gate.
 41959 | Vaults:1 | Found an ancient bone altar of Kikubaaqudgha.
 41959 | Vaults:1 | Found a runed translucent gate.
 41960 | Vaults:1 | Noticed frimble's ghost (adept TrWr)
 41960 | Vaults:1 | Noticed an ancient lich
 41970 | Vaults:1 | Killed an ancient lich
 41982 | Vaults:1 | Killed frimble's ghost
 41995 | Vaults:1 | Got Kikubaaqudgha's Disquisition on Necromancy
 42002 | Vaults:1 | Identified the ring of the Neverending Lies {rF++ rN+ MP+9
                  | Slay-6 Stlth+}
 42081 | Vaults:1 | Received a gift from Okawaru
 42103 | Vaults:1 | Acquired the +10 fustibalus of Insufficient Pleasure
                  | {vorpal, Int+6}
 42304 | Vaults:1 | Received a gift from Okawaru
 42471 | Vaults:1 | Reached skill level 17 in Unarmed Combat
 42864 | Vaults:1 | Received a gift from Okawaru
 42973 | Vaults:2 | Reached skill level 1 in Conjurations
 43291 | Vaults:2 | Reached XP level 21. HP: 172/172 MP: 8/30
 43307 | Vaults:2 | Identified the +3 hand axe of Taterah {holy, Stlth+}
                  | (Okawaru gifted it to you on level 2 of the Vaults)
 43307 | Vaults:2 | Received a gift from Okawaru
 43346 | Vaults:2 | Found a staircase to the Crypt.
 43800 | Vaults:2 | Reached skill level 5 in Conjurations
 44176 | Vaults:2 | Received a gift from Okawaru
 44396 | Vaults:2 | Reached skill level 5 in Invocations
 44457 | Vaults:2 | Received a gift from Okawaru
 44821 | Vaults:3 | Identified the +1 pearl dragon scales "Paimao Afual" {Harm
                  | rN+} (Okawaru gifted it to you on level 3 of the Vaults)
 44821 | Vaults:3 | Received a gift from Okawaru
 45326 | Vaults:3 | Reached XP level 22. HP: 179/179 MP: 18/32
 45999 | Vaults:3 | Reached skill level 15 in Dodging
 46728 | Vaults:4 | Received a gift from Okawaru
 46797 | Vaults:4 | Noticed Boris
 46804 | Vaults:4 | Killed Boris
 46988 | Vaults:4 | Received a gift from Okawaru
 47548 | Vaults:4 | Received a gift from Okawaru
 48049 | Shoals:1 | Entered Level 1 of the Shoals
 48094 | Shoals:1 | Reached skill level 18 in Unarmed Combat
 48192 | Shoals:1 | Received a gift from Okawaru
 48623 | Shoals:1 | Found a snail-covered altar of Cheibriados.
 48657 | Shoals:2 | Identified the +5 dire flail of Xust {holy, +Blink rN+}
                  | (Okawaru gifted it to you on level 2 of the Shoals)
 48657 | Shoals:2 | Received a gift from Okawaru
 48746 | Shoals:2 | Noticed Roxanne
 48753 | Shoals:2 | Noticed Ilsuiw
 48811 | Shoals:2 | Killed Ilsuiw
 49129 | Shoals:2 | Reached XP level 23. HP: 125/185 MP: 10/33
 49477 | Shoals:3 | Found Esol's General Store.
 49519 | Shoals:3 | Received a gift from Okawaru
 49841 | Shoals:3 | Identified the ring "Gusegune" {Contam rF+ rCorr Str+4
                  | Dex+2}
 49930 | Shoals:4 | Entered Level 4 of the Shoals
 50020 | Shoals:4 | Found the +2 Maxwell's thermic engine {flame, freeze}
 50371 | Shoals:4 | Identified the ring "Vuafia" {Wiz rPois rN+ rCorr Slay-6}
 50395 | Shoals:4 | Reached skill level 19 in Unarmed Combat
 50441 | Shoals:4 | Identified the +5 dagger "Qaikket" {flame, Dex+2}
 50695 | Shoals:4 | Got a barnacled rune of Zot
 50928 | Shoals:4 | Got the Collected Works on the Entourage
 51315 | Depths:1 | Entered Level 1 of the Depths
 51507 | Depths:1 | Noticed Bai Suzhen
 51517 | Depths:1 | Killed Bai Suzhen
 51587 | Depths:1 | Noticed the Enchantress
 51599 | Depths:1 | Killed the Enchantress
 51844 | Depths:1 | Received a gift from Okawaru
 51899 | Depths:1 | Found a gateway to Hell.
 52024 | Depths:1 | Found an opulent altar of Gozag.
 52163 | Depths:1 | Noticed Mara
 52166 | Depths:1 | Noticed freelancePsychic's illusion
 52170 | Depths:1 | Killed Mara
 52170 | Depths:1 | Identified the +4 chain mail of Patience {rF+ rC+ MP+9
                  | Str+3} (Okawaru gifted it to you on level 1 of the Depths)
 52170 | Depths:1 | Received a gift from Okawaru
 52171 | Depths:1 | Reached skill level 5 in Evocations
 52171 | Depths:1 | Reached XP level 24. HP: 192/192 MP: 12/33
 52592 | Hell     | Entered the Vestibule of Hell
 52592 | Hell     | Noticed Murray
 52606 | Hell     | Noticed Geryon
 52614 | Hell     | Killed Murray
 52638 | Depths:2 | Reached skill level 20 in Unarmed Combat
 52918 | Depths:2 | Found a basalt altar of Yredelemnul.
 53238 | Depths:2 | Identified the +1 hunting sling of the Forest {venom, Drain
                  | Will++ Int+4 SInv} (Okawaru gifted it to you on level 2 of
                  | the Depths)
 53238 | Depths:2 | Received a gift from Okawaru
 54020 | Hell     | Slain by a reaper

Illustrated notes

Levels and vault maps discovered:
D:1:      tarquinn_simple_flora_water_d, layout_rooms,
          ebering_ecumenical_altar_ruins, serial_bayou_lake_a
D:2:      layout_loops_ring, minmay_close_crescents
D:3:      layout_basic, chequers_mini_garden, minivault_25
D:4:      layout_basic, vehumet_statue, uniq_grinder
D:5:      layout_loops_cross, grunt_ministairs_14
D:6:      layout_loops_cross, chequers_temple_overflow_statue_of_worship
D:7:      layout_basic, minmay_temple_entry_statues_fountains, kennysheep_potato
D:8:      layout_basic, worldfamousw_hep_ancestral_shrine
D:9:      layout_basic, roderic_roman_lattice, uniq_psyche, uniq_maurice,
          uniq_harold
D:10:     minmay_goldmine, layout_basic, tgw_fedhas
D:11:     layout_cross, david_orc_4, serial_park, serial_park_tiny_pond,
          serial_park_tiny_pond, serial_park_tiny_1, serial_park_square2,
          serial_park_tiny_1
D:12:     layout_gridville, serial_shops, statue_bzr, tso_altar
D:13:     layout_basic, hangedman_decor_growths, chequers_big_river,
          kennysheep_cluttered_room, dk_noncrumbling_2, nicolae_shop_clearance
D:14:     layout_basic, david_vaults_4, special_room [special_room_orc]
D:15:     grunt_enter_depths_snipers, layout_basic,
          hangedman_abyss_or_decor_lesser_grid, eat_drink_and_be_merry_uskayaw,
          uniq_nessos, uniq_kirke, uniq_louise
Temple:   regret_index_temple_sphere_string
Lair:1:   layout_regular_city, portal_ice_cave_entry_pillars_2,
          lemuel_old_faithful
Lair:2:   layout_regular_city, minmay_shoals_entry_beasts, lemuel_fruit_tree,
          grunt_megastairs_3
Lair:3:   layout_chaotic_city, minivault_23
Lair:4:   layout_cave_pods, minmay_snake_entry_guardpost_medium
Lair:5:   layout_long_grid, dpeg_slime_entry_enclosed_altar,
          lemuel_fruit_fields, infiniplex_staircase_pool_2
Lair:6:   hellmonk_lair_end_abyssal_woods, layout_cave_shapes, roderic_batcave,
          serial_bayou_shore_b, grunt_megastairs_1
Shoals:1: layout_shoals, lemuel_centaur_altar
Shoals:2: layout_shoals, nicolae_shoals_lost_giant_pillars, uniq_ilsuiw,
          uniq_roxanne
Shoals:3: layout_shoals, serial_shops, shop_coins
Shoals:4: shoals_end_simple, layout_shoals, shoals_ilsuiw_alternative
Snake:1:  layout_layer_cave, nicolae_snake_snake_lake, grunt_ministairs_4
Snake:2:  onia_ninara_swampy_vault, layout_gridlike,
          nicolae_snake_serpentine_bazaar, uniq_donald, uniq_saint_roka
Snake:3:  layout_onion_interference
Snake:4:  minmay_snake_end_coiled, layout_misc_corridors,
          beargit_elvish_explorers
Orc:1:    layout_diamond_mine, gammafunk_ghost_fury_of_okawaru, uniq_sonja
Orc:2:    kennysheep_orc_mage_school, layout_caves
Vaults:1: gammafunk_vaults_ghost_crypt, ontoclasm_vaults_twist,
          grunt_vaults_hallway_short, vaults_room_door_hall,
          vaults_room_stairs_pillars, hangedman_vaults_hat,
          ontoclasm_vaults_ring_large, grunt_vaults_hallway_short,
          ontoclasm_vaults_tryst, v_misc_18, vaults_room_guarded_vault,
          vaults_room_corners, ontoclasm_vaults_decontamination,
          nicolae_vaults_alarming, layout_vaults_omnibox,
          portal_desolation_entry_garden
Vaults:2: v_misc_1, vaults_room_corners, nicolae_vaults_network_periphery,
          nicolae_vaults_puzzle_piece, nicolae_vaults_stairing_the_circle,
          v_misc_27, nicolae_vaults_circle_grid_a, v_alt_pattern_1, v_misc_17,
          dpeg_vaults_pockets_of_resistance, ontoclasm_vaults_pinch,
          vaults_room_pools, layout_vaults_omnicross, blue_anna_dwarven_crypt
Vaults:3: ontoclasm_vaults_ligature, v_misc_9, v_pattern_1, grunt_vaults_twisty,
          ontoclasm_vaults_gateway, layout_vaults_omnigrid
Vaults:4: nicolae_vaults_network_barrier, vaults_mumra_minichess,
          hangedman_vaults_pinch, grunt_vaults_bifocal,
          hangedman_vaults_stretched_pinwheel, vaults_room_fours,
          nicolae_vaults_network_square, vaults_mumra_chevron_long, v_rooms_6,
          nicolae_vaults_little_squares_4, layout_vaults_ring, uniq_boris
Depths:1: layout_roguey, hell_entry, hangedman_abyss_entry_splay, hex_medium,
          nicolae_gozag_cash_rules_everything_around_me, uniq_mara,
          uniq_bai_suzhen, uniq_enchantress
Depths:2: grunt_twist_and_shout, layout_basic, hell_entry, hangedman_blasphemy
Hell

Skill      XL: |  1  2  3  4  5  6  7  8  9 10 11 12 13 14 15 16 17 18 19 20 21 22 23 24 |
---------------+-------------------------------------------------------------------------+-----
Earth Magic    | 1 2 4 6 8 9 11 12 13 14 | 14.0
Fighting       | 4 5 7 8 9 11 13 14 15 16 17 | 17.3
Transmutations | 1 2 5 6 8 10 11 12 | 12.0
Slings         | 2 4 5 |  5.0
Shields        | 2 9 14 15 | 15.0
Spellcasting   | 4 6 7 |  7.0
Dodging        | 3 7 9 10 11 13 14 16 17 | 17.3
Invocations    | 4 5 |  5.7
Unarmed Combat | 6 11 12 14 16 17 18 19 20 | 20.6
Evocations     | 2 4 5 7 |  7.4
Throwing       | 3 6 7 |  7.0
Conjurations   | 3 7 |  7.7
Maces & Flails | |  2.0
Stealth        | |  6.0

Action                   |  1- 3 |  4- 6 |  7- 9 | 10-12 | 13-15 | 16-18 | 19-21 | 22-24 || total
-------------------------+-------+-------+-------+-------+-------+-------+-------+-------++-------
Melee: Mace              |    62 |       |       |       |       |       |       |       ||    62
       Flail             |    42 |    50 |       |       |       |       |       |       ||    92
       Unarmed           |       |       |       |   152 |   679 |  1155 |   759 |   977 ||  3722
 Fire: Hunting sling     |       |   155 |   346 |   465 |    24 |       |       |       ||   990
       Fustibalus        |       |       |       |       |    51 |       |    22 |       ||    73
Throw: Dart              |       |       |     9 |       |       |       |       |       ||     9
       Stone             |       |       |       |       |     5 |     3 |       |       ||     8
       Javelin           |       |       |       |       |       |     2 |    13 |    29 ||    44
       Boomerang         |       |       |       |       |       |       |     6 |     7 ||    13
 Cast: Statue Form       |       |       |       |    17 |    72 |    82 |    39 |    64 ||   274
       Irradiate         |       |       |       |       |       |       |     8 |    33 ||    41
Invok: Heroism           |       |       |       |    28 |    12 |    19 |    16 |    16 ||    91
       Finesse           |       |       |       |       |     3 |     6 |     9 |     5 ||    23
 Abil: Dig               |     1 |     1 |       |     6 |     8 |    15 |       |     9 ||    40
       End Transformatio |       |       |       |     7 |     3 |     2 |     1 |       ||    13
Evoke: Wand              |       |       |       |     8 |       |     5 |       |     2 ||    15
       Phantom mirror    |       |       |       |       |       |     1 |       |       ||     1
       Condenser vane    |       |       |       |       |       |       |     2 |     2 ||     4
  Use: Scroll            |     5 |     2 |     8 |    10 |     3 |    11 |     4 |     3 ||    46
       Potion            |       |       |       |     1 |     2 |     4 |     3 |     4 ||    14
 Stab: Sleeping          |     2 |       |       |       |       |     4 |     5 |     7 ||    18
       Distracted        |       |       |       |       |       |     3 |     1 |     2 ||     6
Armor: Leather armour    |    26 |    19 |       |       |       |       |       |       ||    45
       Ring mail         |       |     7 |    32 |    49 |       |       |       |       ||    88
       Skin              |       |       |     1 |   111 |   478 |   444 |   387 |   241 ||  1662
       Robe              |       |       |       |     2 |    37 |    30 |     6 |     7 ||    82
Dodge: Dodged            |    63 |    55 |    62 |   241 |   795 |   611 |   795 |   783 ||  3405
Block: Buckler           |       |     5 |    27 |    80 |   215 |    27 |       |       ||   354
       Kite shield       |       |       |       |       |       |   275 |       |       ||   275
       Tower shield      |       |       |       |       |       |   949 |  1401 |  1705 ||  4055
